 Dungeon Crawl Stone Soup version 0.18.1-50-g88ac8fd (webtiles) character file.

53 RudyRod the Skirmisher (level 3, 0/34 HPs)
             Began as a Naga Fighter on Oct 18, 2016.
             Slain by a kobold
             ... wielding a +0 dagger
              (1 damage)
             ... on level 2 of the Dungeon.
             The game lasted 00:03:07 (1194 turns).

RudyRod the Skirmisher (Naga Fighter)               Turns: 1194, Time: 00:03:08

Health: 0/34       AC:  4    Str: 19    XL:     3   Next: 89%
Magic:  3/3        EV:  5    Int:  8    God:
Gold:   49         SH:  8    Dex: 10    Spells: 0 memorised, 2 levels left

rFire  . . .     SeeInvis +     a - +0 trident
rCold  . . .     Gourm    .     b - +0 scale mail
rNeg   . . .     Faith    .     c - +0 shield
rPois  +         Spirit   .     (no helmet)
rElec  .         Dismiss  .     (no cloak)
rCorr  .         Reflect  .     (no gloves)
SustAt .         Harm     .     (no barding)
MR     .....                    (no amulet)
Stlth  ..........               (no ring)
                                (no ring)

@: very slow, not resistant to hostile enchantments, extremely unstealthy
A: see invisible, deformed body, poison resistance, slowness 2, slow metabolism
1, spit poison 2, AC +1
a: Spit Poison


You were on level 2 of the Dungeon.
You were not hungry.

You visited 1 branch of the dungeon, and saw 2 of its levels.

You collected 49 gold pieces.

Inventory:

Hand Weapons
 a - a +0 trident (weapon)
Armour
 b - a +0 scale mail (worn)
 c - a +0 shield (worn)
Jewellery
 k - an uncursed amulet of dismissal {unknown}
Scrolls
 h - 2 scrolls of identify {unknown}
Potions
 d - a potion of might
 e - a potion of agility {unknown}
 j - a potion of curing {unknown}
 l - a potion of ambrosia {unknown}
Comestibles
 f - 2 bread rations
 g - a royal jelly
 i - 2 chunks of flesh
 m - a meat ration


   Skills:
 + Level 3.3 Fighting
 + Level 2.1 Polearms
 + Level 2.7 Armour
 * Level 1.0 Dodging
 * Level 1.4 Stealth
 * Level 2.8 Shields


You had 2 spell levels left.
You didn't know any spells.

Dungeon Overview and Level Annotations

Branches:
Dungeon (2/15)

Altars:
Ashenzari


Innate Abilities, Weirdness & Mutations

You cannot wear boots.
Your serpentine skin is tough (AC +1).
You have supernaturally acute eyesight.
Armour fits poorly on your strangely shaped body.
Your system is resistant to poisons.
You cover ground very slowly.
You have a slow metabolism.
You can spit poison.


Message History

You barely miss the adder.
The adder is almost dead.
The adder bites you but does no damage. You block the kobold's attack.
The goblin hits you but does no damage.
You closely miss the adder.
The adder is almost dead.
The adder barely misses you. The kobold hits you with a dagger.
* * * LOW HITPOINT WARNING * * *
You block the adder's attack. The goblin hits you.
* * * LOW HITPOINT WARNING * * *
The kobold hits you but does no damage.
You puncture the adder!
You kill the adder!
Your Dodging skill increases to level 1!
You block the goblin's attack. The kobold hits you but does no damage.
You barely miss the kobold. You block the goblin's attack.
The kobold hits you but does no damage. You block the goblin's attack.
Your shield and scale mail prevent you from hitting the kobold.
The kobold hits you with a dagger.
You die...

#####.. .....#
#..#.###
#####.##...###
..............
##........##
#..#.$Kg......#
#.....@(((<...#
...##..†.........?.
#...(......##..
#..........#
##...........
#..........##.
#..........# .
#..........#


You could see a goblin and a kobold.

Vanquished Creatures
  An adder (D:2)
  2 dart slugs (D:1)
  A giant gecko (D:1)
  4 giant cockroaches (D:1)
  2 goblins (D:1)
  4 hobgoblins (D:1)
  6 jackals (D:1)
  8 bats (D:1)
  2 giant newts (D:1)
  3 kobolds
  3 rats (D:1)
36 creatures vanquished.

Notes
Turn   | Place    | Note
--------------------------------------------------------------
     0 | D:1      | RudyRod the Naga Fighter began the quest for the Orb.
     0 | D:1      | Reached XP level 1. HP: 21/21 MP: 1/1
   144 | D:1      | Reached XP level 2. HP: 16/28 MP: 2/2
   790 | D:1      | Reached XP level 3. HP: 34/34 MP: 3/3
   854 | D:1      | Found a shattered altar of Ashenzari.
   934 | D:1      | Reached skill level 1 in Stealth
  1191 | D:2      | HP: 1/34 [goblin (3)]
  1192 | D:2      | Reached skill level 1 in Dodging
  1194 | D:2      | Slain by a kobold

Skill      XL: |  1  2  3 |
---------------+----------+-----
Stealth        | 1 |  1.4
Dodging        | 1 |  1.0
Fighting       | |  3.3
Polearms       | |  2.1
Armour         | |  2.7
Shields        | |  2.8

Action                   || total
-------------------------++-------
Melee: Trident           ||    97
 Abil: Spit Poison       ||     7
  Eat: Chunk             ||     1
Armor: Scale mail        ||    70
Dodge: Dodged            ||    39
Block: Shield            ||    81
